 Dungeon Sprint DCSS version 0.29.1-2-gbd0b4ee654 (webtiles) character file.

Game seed: 3142099632150230433

7423 Groucho the Imperceptible (level 10, -14/54 HPs)
             Began as a Felid Fighter on Nov 8, 2022.
             Was the Champion of Uskayaw.
             Demolished by a tengu warrior
             ... wielding a +3 great sword of electrocution
              (26 damage)
             ... in the Dungeon (Sprint IX: "|||||||||||||||||||||||||||||").
             The game lasted 00:02:47 (1809 turns).

Groucho the Imperceptible (Felid Fighter)           Turns: 1809, Time: 00:02:48

Health: -14/54     AC:  2    Str: 20    XL:     10   Next: 93%
Magic:  20/20      EV: 29    Int: 11    God:    Uskayaw [******]
Gold:   0          SH:  0    Dex: 17    Spells: 9/9 levels left
                                        Lives:  0   Deaths: 2

rFire   . . .      SeeInvis +     - Unarmed
rCold   . . .      Faith    .   (shield unavailable)
rNeg    . . .      Spirit   .   (body armour unavailable)
rPois   .          Reflect  .   (helmet unavailable)
rElec   .          Harm     .   (cloak unavailable)
rCorr   .          Rampage  .   (gloves unavailable)
Will    +....      NoTele   +   (boots unavailable)
Stlth   ++++++++..              (no amulet)
HPRegen 0.18/turn               k - +3 ring of strength
MPRegen 0.17/turn               l - +3 ring of strength

@: mighty, hasted, very quick
A: very small, claws 1, fangs 3, see invisible, speed 1, shaggy fur 2, stealthy
paws, no weapons or thrown items, no armour, multi-lived
a: Renounce Religion, Stomp, Line Pass, Grand Finale


You were in the Dungeon.
You worshipped Uskayaw.
Uskayaw was pleased with you.
You visited 1 branch

Inventory:

Jewellery
 k - a +3 ring of strength (left paw)
 l - a +3 ring of strength (right paw)
Wands
 j - a wand of roots (10)
Scrolls
 g - 3 scrolls of blinking
 i - 2 scrolls of amnesia
 m - 2 scrolls of identify
 n - 2 scrolls of fog
 o - 2 scrolls of fear
Potions
 a - a potion of might
 b - 6 potions of curing
 c - 6 potions of heal wounds
 e - 4 potions of magic
 f - 3 potions of berserk rage
 h - a potion of resistance


   Skills:
 + Level 12.7 Fighting
 + Level 16.2 Dodging
 + Level 21.4 Stealth
 + Level 13.0 Unarmed Combat
 + Level 12.3 Invocations


You had 9 spell levels left.
You didn't know any spells.
Your spell library was empty.

Dungeon Overview and Level Annotations

Branches:
Dungeon (1/1)

Altars:
Cheibriados
Dithmenos
Elyvilon
Fedhas
Gozag
Hepliaklqana
Kikubaaqudgha
Makhleb
Nemelex Xobeh
Okawaru
Qazlal
Ru
Sif Muna
Trog
Uskayaw
Vehumet
Wu Jian
Xom
Yredelemnul
Zin
The Shining One
Jiyva
Lugonu


Innate Abilities, Weirdness & Mutations

You have sharp claws.
You have razor-sharp teeth.
You have supernaturally acute eyesight. (SInv)
You cover ground quickly. (Speed+)
You are covered in thick fur. (AC +2)
Your paws help you pounce on unaware monsters.
You are incapable of wielding weapons or throwing items.
You cannot wear armour.
You gain extra lives every three experience levels.


Message History

You mangle the centaur warrior!!
You kill the centaur warrior!
Your Stealth skill increases to level 21!
Your Invocations skill increases to level 12!
Unknown command.
You mangle the spark wasp!!
You bite the spark wasp, but do no damage.
The spark wasp is moderately wounded.
You scratch the spark wasp. You bite the spark wasp.
The spark wasp is moderately wounded.
The spark wasp barely misses you.
You mangle the spark wasp!!
The spark wasp is severely wounded.
The spark wasp completely misses you.
You scratch the spark wasp but do no damage.
The spark wasp is severely wounded.
The spark wasp barely misses you.
You claw the spark wasp! Your bite misses the spark wasp.
The spark wasp is almost dead.
You mangle the spark wasp!!
You kill the spark wasp!
Your Dodging skill increases to level 16!
Unknown command.
You mangle the hell knight!! You claw the hell knight.
You bite the hell knight!
The hell knight is severely wounded.
The hell knight closely misses you.
You closely miss the hell knight.
The hell knight is severely wounded.
The hell knight completely misses you.
You claw the hell knight!
The hell knight is almost dead.
The hell knight invokes the aid of its god against you.
The bolt of fire hits you!!
* * * LOW HITPOINT WARNING * * *
You claw the hell knight!
You kill the hell knight!
Your Unarmed Combat skill increases to level 13!
The tengu warrior hits you with a +3 great sword of electrocution!!
You die...

▓.▓'▓
▓.▓
▓.▓.▓
▓.▓
▓.▓.▓
▓.▓
▓.▓.▓
▓.▓
▓.▓.▓
▓C▓
▓.▓)▓
▓C▓
▓.▓)▓
▓Q▓
▓.▓'▓
▓@▓
▓.▓.▓
▓†▓
▓.▓.▓
▓†▓
▓.▓[▓
▓†▓
▓.▓[▓
▓)▓
▓.▓[▓
▓)▓
▓.▓.▓
▓(▓
▓.▓)▓
▓†▓
▓.▓.▓
▓'▓
▓.▓.▓


You could see a stone giant, an ettin and a tengu warrior.

Vanquished Creatures
  A very ugly thing (D)
  A vampire knight (D)
  A spark wasp (D)
  A hydra (D)
  2 boulder beetles (D)
  A two-headed ogre (D)
  A centaur warrior (D)
  A hell knight (D)
  A skeletal warrior (D)
  An orc knight (D)
  A wizard (D)
  2 ugly things (D)
  A cyclops (D)
  2 manticores (D)
  A gargoyle (D)
  A rime drake (D)
  A yaktaur (D)
  A komodo dragon (D)
  3 yaks (D)
  A vampire (D)
  A water moccasin (D)
  A black bear (shapeshifter) (D)
  3 bullfrogs (D)
  A kobold brigand (D)
  A scorpion (D)
  2 howler monkeys (D)
  An orc (D)
  A bat (D)
  An endoplasm (D)
  A jackal (D)
  A kobold (D)
  A quokka (D)
  A frilled lizard (D)
41 creatures vanquished.

Vanquished Creatures (others)
  An orc warrior (D)
1 creature vanquished.

Grand Total: 42 creatures vanquished

Notes
Turn   | Place    | Note
-------+----------+-------------------------------------------
     0 | D        | Groucho the Felid Fighter began the quest for the Orb.
     0 | D        | Reached XP level 1. HP: 10/10 MP: 2/2
     5 | D        | Reached skill level 2 in Stealth
     9 | D        | Reached skill level 3 in Stealth
    15 | D        | Reached skill level 4 in Stealth
    18 | D        | Reached skill level 5 in Stealth
   503 | D        | Noticed a howler monkey
   503 | D        | Noticed a howler monkey
   503 | D        | Noticed a scorpion
   505 | D        | Killed a scorpion
   506 | D        | Reached skill level 11 in Stealth
   506 | D        | Reached XP level 2. HP: 14/14 MP: 3/3
   506 | D        | Reached XP level 3. HP: 17/17 MP: 4/4
   514 | D        | Reached XP level 4. HP: 19/21 MP: 5/5
   522 | D        | Reached skill level 12 in Stealth
   526 | D        | Reached skill level 14 in Stealth
   526 | D        | Reached XP level 5. HP: 13/24 MP: 6/6
   536 | D        | Found a snail-covered altar of Cheibriados.
   536 | D        | Found a shadowy altar of Dithmenos.
   536 | D        | Found a white marble altar of Elyvilon.
   536 | D        | Found a blossoming altar of Fedhas.
   536 | D        | Found an opulent altar of Gozag.
   537 | D        | Found a hazy altar of Hepliaklqana.
   538 | D        | Found a viscous altar of Jiyva.
   539 | D        | Found an ancient bone altar of Kikubaaqudgha.
   540 | D        | Found a corrupted altar of Lugonu.
   541 | D        | Found a burning altar of Makhleb.
   542 | D        | Found a sparkling altar of Nemelex Xobeh.
   543 | D        | Found an iron altar of Okawaru.
   544 | D        | Found a stormy altar of Qazlal.
   545 | D        | Found a sacrificial altar of Ru.
   546 | D        | Found a shimmering blue altar of Sif Muna.
   547 | D        | Found a bloodstained altar of Trog.
   548 | D        | Found a hide-covered altar of Uskayaw.
   549 | D        | Found a radiant altar of Vehumet.
   550 | D        | Found an ornate altar of the Wu Jian Council.
   551 | D        | Found a shimmering altar of Xom.
   552 | D        | Found a basalt altar of Yredelemnul.
   553 | D        | Found a glowing silver altar of Zin.
   554 | D        | Found a glowing golden altar of the Shining One.
   556 | D        | Became a worshipper of Uskayaw the Reveller
   764 | D        | Noticed a gargoyle
   764 | D        | Noticed an orc warrior
   764 | D        | Noticed a two-headed ogre
   764 | D        | Noticed a komodo dragon
   764 | D        | Noticed a yak
   773 | D        | Reached * piety under Uskayaw
   775 | D        | Reached ** piety under Uskayaw
   776 | D        | Killed a yak
   777 | D        | Reached skill level 5 in Unarmed Combat
   777 | D        | Gained mutation: You are covered in thick fur. (AC +2)
                  | [Felid growth]
   777 | D        | Reached XP level 6. HP: 14/29 MP: 6/9
   777 | D        | Reached *** piety under Uskayaw
   779 | D        | Reached skill level 5 in Fighting
   779 | D        | Reached skill level 15 in Stealth
   784 | D        | Reached **** piety under Uskayaw
   785 | D        | Killed a komodo dragon
   786 | D        | Reached skill level 5 in Invocations
   786 | D        | Reached XP level 7. HP: 14/34 MP: 6/11
   791 | D        | Reached ***** piety under Uskayaw
   793 | D        | Killed a two-headed ogre
   794 | D        | Reached skill level 16 in Stealth
   794 | D        | Reached XP level 8. HP: 40/40 MP: 7/13
   797 | D        | Killed a gargoyle
   798 | D        | Reached skill level 10 in Dodging
   803 | D        | Noticed a manticore
   803 | D        | Noticed a skeletal warrior
   803 | D        | Noticed a cyan ugly thing
   803 | D        | Noticed a purple ugly thing
   803 | D        | Noticed a boulder beetle
   805 | D        | Killed a boulder beetle
   806 | D        | Reached skill level 17 in Stealth
   806 | D        | Reached XP level 9. HP: 45/45 MP: 9/15
   807 | D        | Killed a purple ugly thing
   808 | D        | Reached skill level 18 in Stealth
   809 | D        | Killed a manticore
   809 | D        | Killed a cyan ugly thing
   809 | D        | Reached ****** piety under Uskayaw
   810 | D        | Reached skill level 10 in Unarmed Combat
   813 | D        | Killed a skeletal warrior
   814 | D        | Reached skill level 10 in Fighting
  1234 | D        | Noticed a seven-headed hydra
  1234 | D        | Noticed a six-headed hydra
  1240 | D        | Noticed a rime drake
  1241 | D        | Reached skill level 19 in Stealth
  1241 | D        | Reached XP level 10. HP: 51/51 MP: 13/18
  1241 | D        | Killed a seven-headed hydra
  1242 | D        | Reached skill level 10 in Invocations
  1247 | D        | Mangled by a six-headed hydra
  1248 | D        | Reached XP level 9. HP: -13/47 MP: 10/17
  1722 | D        | Killed a rime drake
  1742 | D        | Slain by a six-headed hydra
  1743 | D        | Reached XP level 8. HP: -2/44 MP: 13/16
  1743 | D        | Found the +8 demon blade "Leech" {vamp, Harm Drain rN+}
  1773 | D        | Noticed a troll
  1773 | D        | Noticed an orc knight
  1773 | D        | Noticed a yaktaur
  1773 | D        | Noticed a wizard
  1773 | D        | Noticed a cyclops
  1773 | D        | Noticed a manticore
  1774 | D        | Noticed a boulder beetle
  1775 | D        | Killed a manticore
  1776 | D        | Noticed a centaur warrior
  1777 | D        | Killed a cyclops
  1778 | D        | Reached XP level 9. HP: 48/48 MP: 16/18
  1778 | D        | Noticed a red very ugly thing
  1779 | D        | Killed a wizard
  1780 | D        | Reached skill level 20 in Stealth
  1780 | D        | Noticed a vampire knight
  1783 | D        | Killed a yaktaur
  1784 | D        | a troll changed into a black bear
  1788 | D        | Killed an orc knight
  1789 | D        | Noticed a spark wasp
  1791 | D        | Noticed a hell knight
  1792 | D        | Killed a boulder beetle
  1793 | D        | Reached skill level 15 in Dodging
  1793 | D        | Reached XP level 10. HP: 39/53 MP: 19/19
  1793 | D        | Noticed a tengu warrior
  1794 | D        | Noticed an ettin
  1795 | D        | Killed a vampire knight
  1795 | D        | Killed a red very ugly thing
  1796 | D        | Noticed a stone giant
  1798 | D        | Killed a centaur warrior
  1799 | D        | Reached skill level 21 in Stealth
  1804 | D        | Killed a spark wasp
  1808 | D        | Killed a hell knight
  1809 | D        | Demolished by a tengu warrior

Illustrated notes

Levels and vault maps discovered:
D:        linesprint [early_d, line_temple, items_1, d_10, items_2, lair_1,
          lair_end, items_3, orc_1, orc_end, items_4, d_15, swamp_1, shoals_1,
          snake_1, spider_1, d_20, vaults_1, items_5, swamp_end, shoals_end,
          snake_end, spider_end, vaults_end, d_27, items_6, zot_1, zot_end,
          crypt_end, forest_end, elf_end, slime_end, tomb_end, abyss_end,
          pan_hell_end]

Skill      XL: |  1  2  3  4  5  6  7  8  9 10 |
---------------+-------------------------------+-----
Stealth        | 11 14 15 16 17 20 21 | 21.4
Fighting       | 4 6 7 11 10 12 | 12.7
Dodging        | 6 8 9 14 15 16 | 16.2
Unarmed Combat | 5 6 7 9 12 13 | 13.0
Invocations    | 3 5 6 7 11 12 | 12.3

Action                   |  1- 3 |  4- 6 |  7- 9 | 10-12 || total
-------------------------+-------+-------+-------+-------++-------
Melee: Unarmed           |    21 |    34 |    43 |    20 ||   118
       Bite              |     3 |     4 |     7 |     5 ||    19
       Punch             |       |     1 |     4 |     2 ||     7
Invok: Line Pass         |       |       |     2 |     1 ||     3
  Use: Potion            |       |     2 |     4 |       ||     6
 Stab: Sleeping          |     1 |       |     5 |       ||     6
       Invisible         |       |     2 |     2 |       ||     4
       Paralysed         |       |     1 |     3 |       ||     4
       Distracted        |       |       |     1 |       ||     1
Armor: Skin              |     1 |     1 |       |     2 ||     4
Dodge: Dodged            |    14 |    16 |    47 |    25 ||   102
